NYP
SPOKANE INDIANS @ VANCOUVER CANADIANS
05/13/2045
 
TOP OF THE 1ST
Spokane Indians batting - Pitching for Vancouver Canadians : RHP Fernando Torres
Pitching: RHP Fernando Torres
Batting: LHB Jose Baez 0-0: Called Strike
0-1: Ground out U3 (Groundball, 3L, EV 91.9 MPH)
Batting: RHB Roberto Contreras 0-0: Ball
1-0: Fly out, F7 (Flyball, 7LS, EV 93.8 MPH)
Batting: LHB William Hanley 0-0: Ball
1-0: Foul Ball, location: 2F
1-1: Swinging Strike
1-2: Strikes out looking
Top of the 1st over - 0 runs, 0 hits, 0 errors, 0 left on base; Spokane 0 - Vancouver 0
BOTTOM OF THE 1ST
Vancouver Canadians batting - Pitching for Spokane Indians : LHP Efraim van der Peet
Pitching: LHP Efraim van der Peet
Batting: RHB Alex Vazquez 0-0: Ground out 5-3 (Groundball, 5L, EV 104.4 MPH)
Batting: RHB Danny Loyola 0-0: Ball
1-0: Ball
2-0: Ground out 3-1 (Groundball, 34D, EV 106.9 MPH)
Batting: SHB Ryan Chicoine 0-0: SINGLE (Line Drive, 9S, EV 91.9 MPH)
Batting: RHB Bobby Valdez 0-0: Ball
1-0: Ball
Ryan Chicoine is caught stealing 2nd base 2-4
Bottom of the 1st over - 0 runs, 1 hit, 0 errors, 0 left on base; Spokane 0 - Vancouver 0
TOP OF THE 2ND
Spokane Indians batting - Pitching for Vancouver Canadians : RHP Fernando Torres
Batting: RHB Andrew Clarke 0-0: Ball
1-0: Swinging Strike
1-1: Foul Ball, location: 2F
1-2: Ball
2-2: Ball
3-2: Strikes out swinging
Batting: RHB Dale Aubrey 0-0: Ball
1-0: Foul Ball, location: 2F
1-1: Ball
2-1: Ball
3-1: SINGLE (Line Drive, 89S, EV 103.1 MPH)
Batting: RHB Gavin Fimple 0-0: Called Strike
Dale Aubrey is caught stealing 2nd base 2-4
0-1: Ball
1-1: Called Strike
1-2: Ball
2-2: Strikes out swinging
Top of the 2nd over - 0 runs, 1 hit, 0 errors, 0 left on base; Spokane 0 - Vancouver 0
BOTTOM OF THE 2ND
Vancouver Canadians batting - Pitching for Spokane Indians : LHP Efraim van der Peet
Batting: RHB Bobby Valdez 0-0: Called Strike
0-1: Ball
1-1: Ground out 6-3 (Groundball, 6, EV 84.4 MPH)
Batting: RHB Greg Callaghan 0-0: Foul Ball, location: 2F
0-1: Foul Ball, location: 2F
0-2: Ball
1-2: Ground out 6-3 (Groundball, 6S, EV 76.9 MPH)
Batting: RHB Victor Gonzalez 0-0: Swinging Strike
0-1: Ball
1-1: Ball
2-1: Ground out 6-3 (Groundball, 56, EV 100.0 MPH)
Bottom of the 2nd over - 0 runs, 0 hits, 0 errors, 0 left on base; Spokane 0 - Vancouver 0
TOP OF THE 3RD
Spokane Indians batting - Pitching for Vancouver Canadians : RHP Fernando Torres
Batting: RHB Shoh Tanioka 0-0: Ball
1-0: Ball
2-0: Foul Ball, location: 2F
2-1: Fly out, F9 (Flyball, 89S, EV 82.5 MPH)
Batting: RHB Dennis Daniels 0-0: Swinging Strike
0-1: Called Strike
0-2: Ball
1-2: Ball
2-2: Foul Ball, location: 2F
2-2: Strikes out looking
Batting: SHB Kaname Fujimoto 0-0: Called Strike
0-1: Called Strike
0-2: Foul Ball, location: 2F
0-2: Ball
1-2: Foul Ball, location: 2F
1-2: Ground out 5-3 (Groundball, 56S, EV 86.9 MPH)
Top of the 3rd over - 0 runs, 0 hits, 0 errors, 0 left on base; Spokane 0 - Vancouver 0
BOTTOM OF THE 3RD
Vancouver Canadians batting - Pitching for Spokane Indians : LHP Efraim van der Peet
Batting: RHB Wade Diamond 0-0: Ball
1-0: DOUBLE (Flyball, 78XD, EV 110.0 MPH)
Batting: LHB Adam Santarelli 0-0: Swinging Strike
0-1: Swinging Strike
0-2: Ball
1-2: Strikes out swinging
Batting: LHB Julio Canseco 0-0: Foul Ball, location: 2F
0-1: Ground out 5-3 (Groundball, 56, EV 88.1 MPH)
Batting: RHB Alex Vazquez 0-0: Ball
1-0: Ball
2-0: Ball
3-0: Called Strike
3-1: Base on Balls
Batting: RHB Danny Loyola 0-0: Foul Ball, location: 2F
0-1: Foul Ball, location: 2F
0-2: Ball
1-2: Ball
2-2: DOUBLE (Flyball, 8LXD, EV 88.8 MPH)
Wade Diamond scores
Alex Vazquez to third
Batting: SHB Ryan Chicoine 0-0: Ball
1-0: Foul Ball, location: 2F
1-1: Ground out 6-3 (Groundball, 6, EV 90.0 MPH)
Bottom of the 3rd over - 1 run, 2 hits, 0 errors, 2 left on base; Spokane 0 - Vancouver 1
TOP OF THE 4TH
Spokane Indians batting - Pitching for Vancouver Canadians : RHP Fernando Torres
Batting: LHB Jose Baez 0-0: Ball
1-0: Ball
2-0: Foul Ball, location: 2F
2-1: Called Strike
2-2: Strikes out looking
Batting: RHB Roberto Contreras 0-0: Foul Ball, location: 2F
0-1: Swinging Strike
0-2: Ball
1-2: Strikes out swinging
Batting: LHB William Hanley 0-0: Called Strike
0-1: Ball
1-1: Called Strike
1-2: Ball
2-2: Ball
3-2: Fly out, F4 (Line Drive, 34, EV 86.9 MPH)
Top of the 4th over - 0 runs, 0 hits, 0 errors, 0 left on base; Spokane 0 - Vancouver 1
BOTTOM OF THE 4TH
Vancouver Canadians batting - Pitching for Spokane Indians : LHP Efraim van der Peet
Batting: RHB Bobby Valdez 0-0: Called Strike
0-1: DOUBLE (Flyball, 8RXD, EV 102.5 MPH)
Batting: RHB Greg Callaghan 0-0: Foul Ball, location: 2F
0-1: Called Strike
0-2: Strikes out swinging
Batting: RHB Victor Gonzalez 0-0: Ball
1-0: Ball
2-0: Ball
3-0: Called Strike
3-1: Called Strike
3-2: Strikes out swinging
Batting: RHB Wade Diamond 0-0: Foul Ball, location: 2F
0-1: Called Strike
0-2: Ball
1-2: Ball
2-2: Ball
3-2: Strikes out swinging
Bottom of the 4th over - 0 runs, 1 hit, 0 errors, 1 left on base; Spokane 0 - Vancouver 1
TOP OF THE 5TH
Spokane Indians batting - Pitching for Vancouver Canadians : RHP Fernando Torres
Batting: RHB Andrew Clarke 0-0: Foul Ball, location: 2F
0-1: Ball
1-1: Ball
2-1: Ground out 6-3 (Groundball, 6, EV 88.1 MPH)
Batting: RHB Dale Aubrey 0-0: Ball
1-0: Ball
2-0: Called Strike
2-1: Ball
3-1: Foul Ball, location: 2F
3-2: Strikes out swinging
Batting: RHB Gavin Fimple 0-0: DOUBLE (Groundball, 5L, EV 105.6 MPH)
Batting: RHB Shoh Tanioka 0-0: Ball
1-0: Ball
2-0: Called Strike
2-1: Foul Ball, location: 2F
2-2: SINGLE (Line Drive, 78S, EV 92.5 MPH)
Gavin Fimple to third
Runner from 3rd tries for Home, SAFE, throw by LF to home
Batting: RHB Dennis Daniels 0-0: Hit by Pitch
Shoh Tanioka to second
Batting: SHB Kaname Fujimoto 0-0: Ball
1-0: Fly out, F7 (Flyball, 7, EV 95.6 MPH)
Top of the 5th over - 1 run, 2 hits, 0 errors, 2 left on base; Spokane 1 - Vancouver 1
BOTTOM OF THE 5TH
Vancouver Canadians batting - Pitching for Spokane Indians : LHP Efraim van der Peet
Batting: LHB Adam Santarelli 0-0: Called Strike
0-1: Called Strike
0-2: Ball
1-2: Ground out 4-3 (Groundball, 4, EV 80.6 MPH)
Batting: LHB Julio Canseco 0-0: Ball
1-0: Ball
2-0: DOUBLE (Flyball, 8LXD, EV 107.5 MPH)
Batting: RHB Alex Vazquez 0-0: TRIPLE (Flyball, 8LXD, EV 105.6 MPH)
Julio Canseco scores
Batting: RHB Danny Loyola 0-0: Called Strike
0-1: Ball
1-1: Foul Ball, location: 2F
1-2: Ball
2-2: Ball
3-2: SINGLE (Groundball, 4MD, EV 108.1 MPH)
Alex Vazquez scores
Batting: SHB Ryan Chicoine 0-0: Called Strike
0-1: Ball
1-1: Ball
2-1: Swinging Strike
2-2: DOUBLE (Line Drive, 9LS, EV 108.1 MPH)
Danny Loyola to third
Batting: RHB Bobby Valdez 0-0: Ball
1-0: Foul Ball, location: 2F
1-1: Ball
2-1: DOUBLE (Line Drive, 3D, EV 108.1 MPH)
Danny Loyola scores
Ryan Chicoine scores
Pitching: RHP Devon Bickle
Batting: RHB Greg Callaghan 0-0: Ball
Bobby Valdez steals 3rd base
1-0: Called Strike
1-1: Ball
2-1: Called Strike
2-2: Foul Ball, location: 2F
2-2: Ground out 1-3 (Groundball, P, EV 63.8 MPH)
Batting: RHB Victor Gonzalez 0-0: Ball
1-0: Ground out 6-3 (Groundball, 6, EV 104.4 MPH)
Bottom of the 5th over - 4 runs, 5 hits, 0 errors, 1 left on base; Spokane 1 - Vancouver 5
TOP OF THE 6TH
Spokane Indians batting - Pitching for Vancouver Canadians : RHP Fernando Torres
Batting: LHB Jose Baez 0-0: Foul Ball, location: 2F
0-1: Ball
1-1: Foul Ball, location: 2F
1-2: Foul Ball, location: 2F
1-2: Foul Ball, location: 2F
1-2: Fly out, F8 (Flyball, 8LXD, EV 98.8 MPH)
Batting: RHB Roberto Contreras 0-0: SINGLE (Line Drive, 8LM, EV 100.6 MPH)
Batting: LHB William Hanley 0-0: Called Strike
0-1: Called Strike
0-2: Ball
1-2: Ball
2-2: Ball
Roberto Contreras steals 2nd base
3-2: SINGLE (Line Drive, 8RS, EV 91.2 MPH)
Roberto Contreras to third
Runner from 3rd tries for Home, SAFE, throw by CF to home
William Hanley to second
Batting: RHB Andrew Clarke 0-0: Called Strike
0-1: DOUBLE (Flyball, 8RXD, EV 97.5 MPH)
William Hanley scores
Batting: RHB Dale Aubrey 0-0: Foul Ball, location: 2F
0-1: Foul Ball, location: 2F
0-2: Ball
1-2: Ball
2-2: SINGLE (Groundball, 56S, EV 63.8 MPH) (infield hit)
Andrew Clarke to third
Batting: RHB Gavin Fimple 0-0: Ball
1-0: Ball
Wild Pitch!
Andrew Clarke scores
Dale Aubrey to second
2-0: Foul Ball, location: 2F
2-1: DOUBLE (Groundball, 5L, EV 105.6 MPH)
Dale Aubrey scores
Pitching: RHP Cody Walsh
Pinch Hitting: LHB Mike Sammons 0-0: Called Strike
0-1: Ball
1-1: Ball
2-1: Ground out U3 (Groundball, 3L, EV 78.8 MPH)
Gavin Fimple to third
Pinch Hitting: LHB Alfonso Collazo 0-0: Ball
1-0: Foul Ball, location: 2F
1-1: Foul Ball, location: 2F
1-2: Ball
2-2: Foul Ball, location: 2F
2-2: Strikes out looking
Top of the 6th over - 4 runs, 5 hits, 0 errors, 1 left on base; Spokane 5 - Vancouver 5
BOTTOM OF THE 6TH
Vancouver Canadians batting - Pitching for Spokane Indians : RHP Devon Bickle
Now at 1B: Mike Sammons
Now at 3B: Roberto Contreras
Now at SS: Jose Guerrero
Batting: RHB Wade Diamond 0-0: SINGLE (Groundball, 34D, EV 94.4 MPH)
Batting: LHB Adam Santarelli 0-0: Ball
1-0: Fly out, F8 (Line Drive, 8LM, EV 98.1 MPH)
Batting: LHB Julio Canseco 0-0: Called Strike
Wade Diamond steals 2nd base (no throw)
0-1: Ball
1-1: Ball
2-1: Called Strike
2-2: Fly out, F5 (Popup, 56, EV 70.6 MPH)
Batting: RHB Alex Vazquez 0-0: Called Strike
0-1: Swinging Strike
0-2: Ball
1-2: Ball
2-2: Strikes out swinging
Bottom of the 6th over - 0 runs, 1 hit, 0 errors, 1 left on base; Spokane 5 - Vancouver 5
TOP OF THE 7TH
Spokane Indians batting - Pitching for Vancouver Canadians : RHP Cody Walsh
Batting: SHB Kaname Fujimoto 0-0: Foul Ball, location: 2F
0-1: Ball
1-1: Swinging Strike
1-2: Ball
2-2: Ball
3-2: Foul Ball, location: 2F
3-2: Fly out, F9 (Line Drive, 9S, EV 90.6 MPH)
Batting: LHB Jose Baez 0-0: Called Strike
0-1: Foul Ball, location: 2F
0-2: Strikes out swinging
Batting: RHB Roberto Contreras 0-0: Ball
1-0: Ball
2-0: Foul Ball, location: 2F
2-1: Swinging Strike
2-2: Foul Ball, location: 2F
2-2: DOUBLE (Flyball, 8RXD, EV 96.2 MPH)
Batting: LHB William Hanley 0-0: Foul Ball, location: 2F
0-1: Fly out, F3 (Popup, 3SF, EV 76.2 MPH)
Top of the 7th over - 0 runs, 1 hit, 0 errors, 1 left on base; Spokane 5 - Vancouver 5
BOTTOM OF THE 7TH
Vancouver Canadians batting - Pitching for Spokane Indians : RHP Devon Bickle
Batting: RHB Danny Loyola 0-0: Called Strike
0-1: Called Strike
0-2: Ball
1-2: Strikes out swinging
Batting: SHB Ryan Chicoine 0-0: Called Strike
0-1: Ball
1-1: Ball
2-1: Called Strike
2-2: Ball
3-2: Foul Ball, location: 2F
3-2: Foul Ball, location: 2F
3-2: Ground out 4-3 (Groundball, 4, EV 80.0 MPH)
Batting: RHB Bobby Valdez 0-0: Ball
1-0: Called Strike
1-1: Ball
2-1: Called Strike
2-2: Strikes out swinging
Bottom of the 7th over - 0 runs, 0 hits, 0 errors, 0 left on base; Spokane 5 - Vancouver 5
TOP OF THE 8TH
Spokane Indians batting - Pitching for Vancouver Canadians : RHP Cody Walsh
Pitching: RHP Eli Hernandez
Batting: RHB Andrew Clarke 0-0: Called Strike
0-1: Ball
1-1: Foul Ball, location: 2F
1-2: Ball
2-2: Foul Ball, location: 2F
2-2: SINGLE (Line Drive, 8RS, EV 102.5 MPH)
Batting: RHB Dale Aubrey 0-0: Ball
1-0: Ball
2-0: Ball
Wild Pitch!
Andrew Clarke to second
3-0: Called Strike
3-1: Swinging Strike
Passed Ball!
Andrew Clarke to third
3-2: Foul Ball, location: 2F
3-2: SINGLE (Groundball, 56, EV 97.5 MPH)
Andrew Clarke scores
Batting: RHB Gavin Fimple 0-0: Ball
1-0: Ball
2-0: Bunt missed!
2-1: Bunted foul
2-2: Foul Ball, location: 2F
2-2: Ball
3-2: Fly out, F8 (Flyball, 89S, EV 85.0 MPH)
Batting: LHB Mike Sammons 0-0: Ball
Dale Aubrey steals 2nd, throwing error, E2
Dale Aubrey to third
1-0: Called Strike
1-1: Ball
2-1: Ground out 5-3 (Groundball, 5S, EV 94.4 MPH)
Pinch Hitting: LHB Alex Ramos 0-0: SINGLE (Line Drive, 4MD, EV 105.6 MPH)
Dale Aubrey scores
Batting: SHB Kaname Fujimoto 0-0: Called Strike
0-1: Ball
1-1: Swinging Strike
1-2: Ball
2-2: Ball
3-2: Base on Balls
Alex Ramos to second
Batting: LHB Jose Baez 0-0: Ball
1-0: Foul Ball, location: 2F
1-1: Called Strike
1-2: Strikes out swinging
Top of the 8th over - 2 runs, 3 hits, 1 error, 2 left on base; Spokane 7 - Vancouver 5
BOTTOM OF THE 8TH
Vancouver Canadians batting - Pitching for Spokane Indians : RHP Devon Bickle
Pitching: RHP Danny Murguia
Now at SS: Reagan Dudley
Pinch Hitting: LHB Roald Jacobs 0-0: Ball
1-0: Called Strike
1-1: Fly out, F8 (Flyball, 8LXD, EV 103.8 MPH)
Pinch Hitting: LHB Tatsuyuki Yamada 0-0: Called Strike
0-1: Ball
1-1: Foul Ball, location: 2F
1-2: Strikes out swinging
Batting: RHB Wade Diamond 0-0: Called Strike
0-1: Ball
1-1: Called Strike
1-2: Strikes out swinging
Bottom of the 8th over - 0 runs, 0 hits, 0 errors, 0 left on base; Spokane 7 - Vancouver 5
TOP OF THE 9TH
Spokane Indians batting - Pitching for Vancouver Canadians : RHP Eli Hernandez
Pitching: RHP Bobby Weiser
Now at 1B: Tatsuyuki Yamada
Now at 3B: Selam Chimsima
Batting: RHB Roberto Contreras 0-0: Ball
1-0: Ball
2-0: Called Strike
2-1: Ball
3-1: Ground out 6-3 (Groundball, 6, EV 105.6 MPH)
Batting: LHB William Hanley 0-0: Foul Ball, location: 2F
0-1: Foul Ball, location: 2F
0-2: Ball
1-2: Strikes out swinging
Batting: RHB Andrew Clarke 0-0: Swinging Strike
0-1: Ball
1-1: Called Strike
1-2: Strikes out swinging
Top of the 9th over - 0 runs, 0 hits, 0 errors, 0 left on base; Spokane 7 - Vancouver 5
BOTTOM OF THE 9TH
Vancouver Canadians batting - Pitching for Spokane Indians : RHP Danny Murguia
Pitching: LHP Ryan Fulford
Now at 2B: Knud Prins
Pinch Hitting: RHB Jose Garate 0-0: Ball
1-0: Called Strike
1-1: Foul Ball, location: 2F
1-2: Ball
2-2: Ground out 5-3 (Groundball, 56, EV 95.6 MPH)
Pinch Hitting: RHB Cesar Ortega 0-0: Foul Ball, location: 2F
0-1: Foul Ball, location: 2F
0-2: Ball
1-2: Ball
2-2: Strikes out swinging
Batting: RHB Alex Vazquez 0-0: Called Strike
0-1: Swinging Strike
0-2: Ball
1-2: Strikes out swinging
Bottom of the 9th over - 0 runs, 0 hits, 0 errors, 0 left on base; Spokane 7 - Vancouver 5
Wednesday, June 22nd , 2022 - OOTP Baseball 23.4 Build 64